 Dungeon Crawl Stone Soup version 0.29-a0-91-gdebf4667c2 (webtiles) character file.

Game seed: 14127649383528927024

364 enile the Skirmisher (level 6, -2/56 HPs)
             Began as a Minotaur Wanderer on Feb 8, 2022.
             Was a Follower of Fedhas.
             Slain by a phantom (6 damage)
             ... on level 4 of the Dungeon.
             The game lasted 00:04:12 (3499 turns).

enile the Skirmisher (Minotaur Wanderer)            Turns: 3499, Time: 00:04:13

Health: -2/56      AC:  9    Str: 19    XL:     6   Next: 39%
Magic:  7/7        EV:  7    Int: 10    God:    Fedhas [*.....]
Gold:   123        SH:  0    Dex:  8    Spells: 6/7 levels left

rFire   . . .      SeeInvis .   j - +2 dagger (flame)
rCold   . . .      Faith    .   (no shield)
rNeg    + . .      Spirit   .   h - +0 chain mail
rPois   .          Reflect  .   (helmet restricted)
rElec   .          Harm     .   (no cloak)
rCorr   .          Rampage  .   (no gloves)
Will    .....                   (no boots)
Stlth   ..........              (no amulet)
HPRegen 0.18/turn               l - ring of positive energy
MPRegen 0.10/turn               (no ring)

@: flying
A: horns 2, retaliatory headbutt
a: Renounce Religion


You were on level 4 of the Dungeon.
You worshipped Fedhas.
Fedhas was aware of your devotion.
You visited 1 branch of the dungeon, and saw 4 of its levels.

You collected 123 gold pieces.

Inventory:

Hand Weapons
 a - a +2 short sword
 i - a +0 flail
 j - a +2 dagger of flaming (weapon)
 k - a +2 dagger of venom
Missiles
 g - 2 poisoned darts
Armour
 c - a +0 leather armour
 h - a +0 chain mail (worn)
Jewellery
 l - a ring of positive energy (left hand)
Scrolls
 d - 2 scrolls of identify {unknown}
 e - 2 scrolls of fog {unknown}
 n - a scroll of silence {unknown}
Potions
 m - a potion of resistance {unknown}
Miscellaneous
 b - a piece from Xom's chessboard (10/15)


   Skills:
 - Level 5.0 Fighting
 - Level 2.1 Short Blades
 - Level 4.0 Armour
 - Level 1.3 Spellcasting
 - Level 1.0 Poison Magic
 + Level 3.9 Invocations
 - Level 2.6 Evocations


You had 6 spell levels left.
You knew the following spells:

 Your Spells              Type           Power      Damage    Failure   Level
a - Sting                 Tmut/Pois      4%         1d3       96%         1

Your spell library contained the following spells:

 Spells                   Type           Power      Damage    Failure   Level
 Foxfire                  Conj/Fire      0%         2x1d4     98%         1
 Spider Form              Tmut/Pois      1%         N/A       100%        3
 Summon Guardian Golem    Hex/Summ       0%         N/A       100%        3
 Flame Wave               Conj/Fire      0%         2d4       100%        4
 Chain Lightning          Conj/Air       0%         N/A       100%        9
 Fire Storm               Conj/Fire      0%         5d1       100%        9
 Shatter                  Erth           0%         3d5*      100%        9


Dungeon Overview and Level Annotations

Branches:
Dungeon (4/15)
 Temple: D:4-7

Altars:
Dithmenos
Fedhas
Hepliaklqana


Innate Abilities, Weirdness & Mutations

You have a pair of horns on your head.
You reflexively headbutt those who attack you in melee.


Message History

The hound barely misses you. The ball python barely misses you.
The ball python constricts you.
The phantom hits you but does no damage.
The hound bites you.
You closely miss the phantom.
The phantom is almost destroyed.
The ball python bites you. The ball python constricts you.
The phantom hits you.
* * * LOW HITPOINT WARNING * * *
The hound barely misses you.
Okay, then.
You make a move on Xom's chessboard...
The ball python barely resists.
The ball python bites you.
* * * LOW HITPOINT WARNING * * *
The ball python constricts you. The hound bites you but does no damage.
The phantom hits you.
* * * LOW HITPOINT WARNING * * *
The phantom blinks!
You blink.
The ball python loses its grip on you.
You make a move on Xom's chessboard...
The ball python is outlined in light.
The phantom completely misses you.
You make a move on Xom's chessboard...
The ball python falls asleep!
The phantom hits you but does no damage.
You make a move on Xom's chessboard...
The phantom is unaffected.
The ball python hisses angrily.
The phantom hits you.
* * * LOW HITPOINT WARNING * * *
The ball python barely misses you. x2
You make a move on Xom's chessboard...
The ball python struggles to resist.
The hound bites you but does no damage. The phantom hits you.
* * * LOW HITPOINT WARNING * * *
The ball python closely misses you. You furiously retaliate!
You headbutt the ball python!
You kill the ball python!
Fedhas appreciates your contribution to the ecosystem.
The hound bites you but does no damage.
It was a potion of flight.
You feel very buoyant.
You fly up into the air.
The phantom hits you.
You die...
Fedhas appreciates your contribution to the ecosystem.

#..................####..
#>................## #.#
#...........###..######.#
#..........####..###....#
###.#.####.##.....##.##.#
#....###....###.......#
##.#..##...## ####.####
#.###....W....#######.##
#...†....@.............###
########h†..#........[....
#..#.#..###.####..#
#..#.#..# #. ##.#
######.#....# # #..
#........#. ##.
#............ ##...
#........#.... #####....
#........###.# ..##.#..


You could see a phantom and a hound.

Vanquished Creatures
  A black bear (D:3)
  A scorpion (D:4)
  A hound (D:4)
  An iguana (D:4)
  Robin (D:2)
  6 adders
  An adder skeleton (D:4)
  A worm (D:2)
  A dart slug (D:4)
  An orc (D:4)
  3 endoplasms (D:1)
  A giant cockroach (D:2)
  17 goblins
  7 hobgoblins
  9 jackals
  2 quokkas (D:2)
  4 ball pythons
  2 bats
  2 frilled lizards
  A jackal skeleton (D:4)
  7 kobolds
  3 rats
73 creatures vanquished.

Notes
Turn   | Place    | Note
-------+----------+-------------------------------------------
     0 | D:1      | enile the Minotaur Wanderer began the quest for the Orb.
     0 | D:1      | enile set off with the following items: a +2 short sword, a
                  | piece from Xom's chessboard (15/15), a +0 leather armour;
                  | and the following spell memorised: Sting; and the following
                  | spells available to memorise: Spider Form
     0 | D:1      | Reached XP level 1. HP: 18/18 MP: 1/1
    62 | D:1      | Reached skill level 3 in Fighting
   256 | D:1      | Reached XP level 2. HP: 26/26 MP: 3/3
   658 | D:1      | Reached skill level 4 in Fighting
  1074 | D:2      | Found a blossoming altar of Fedhas.
  1138 | D:2      | Reached XP level 3. HP: 11/34 MP: 4/4
  1286 | D:2      | Became a worshipper of Fedhas Madash
  1534 | D:2      | Reached skill level 5 in Fighting
  1556 | D:2      | Noticed Robin
  1569 | D:2      | Killed Robin
  1570 | D:2      | Reached skill level 1 in Invocations
  1570 | D:2      | Reached XP level 4. HP: 35/42 MP: 5/5
  1759 | D:2      | Reached * piety under Fedhas
  2017 | D:3      | Noticed a black bear
  2080 | D:3      | Killed a black bear
  2081 | D:3      | Reached XP level 5. HP: 13/48 MP: 6/6
  2516 | D:3      | Found a hazy altar of Hepliaklqana.
  2880 | D:3      | Found a faded altar of an unknown god.
  3219 | D:4      | Reached XP level 6. HP: 52/56 MP: 7/7
  3247 | D:4      | Found a shadowy altar of Dithmenos.
  3451 | D:4      | Got Sif Muna's Compendium of Flamy Hexes
  3499 | D:4      | Slain by a phantom

Illustrated notes

Levels and vault maps discovered:
D:1:      onia_arrival_mini_maze_b, layout_loops_ring
D:2:      layout_loops_ring, basic_altar, uniq_robin
D:3:      layout_basic, lemuel_doored_altar, nicolae_ecumenical_oubliette
D:4:      layout_rooms, nicolae_dithmenos_shadow_blocks,
          kennysheep_generic_room_14, uniq_eustachio

Skill      XL: |  1  2  3  4  5  6 |
---------------+-------------------+-----
Fighting       | 3 4 5 |  5.0
Invocations    | 1 3 |  3.9
Armour         | 2 3 4 |  4.0
Short Blades   | |  2.1
Spellcasting   | |  1.3
Poison Magic   | |  1.0
Evocations     | |  2.6

Action                   |  1- 3 |  4- 6 || total
-------------------------+-------+-------++-------
Melee: Short sword       |    33 |       ||    33
       Headbutt          |     7 |    14 ||    21
       Dagger            |    59 |   136 ||   195
       Punch             |     1 |     2 ||     3
Evoke: Piece from Xom's  |       |     5 ||     5
  Use: Potion            |       |     1 ||     1
Armor: Leather armour    |     4 |       ||     4
       Chain mail        |    35 |    89 ||   124
Dodge: Dodged            |    30 |    59 ||    89

Table legend: (Time is in decaauts)
 A = Elapsed time spent in this place.
 B = Non-inter-level travel time spent in this place.
 C = Inter-level travel time spent in this place.
 D = Time resting spent in this place.
 E = Time spent auto-exploring this place.
 F = Levels seen in this place.
 G = Mean time per level.
                   A        B        C        D        E       F      G
               +--------+--------+--------+--------+--------+-----+--------+
         Total |   3477 |   3314 |    163 |     31 |   2816 |   4 |  869.2 |
       Dungeon |   3477 |   3314 |    163 |     31 |   2816 |   4 |  869.2 |
               +--------+--------+--------+--------+--------+-----+--------+

Top non-repeatable levels by time:
     D:1: 1070 daAuts
     D:3: 1013 daAuts
     D:2: 982 daAuts
     D:4: 411 daAuts
